 Dungeon Crawl Stone Soup version 0.21.1-1-g345015f (webtiles) character file.

23 kae the Skirmisher (level 2, -1/27 HPs)
             Began as a Hill Orc Abyssal Knight on June 11, 2018.
             Was a Follower of Lugonu.
             Slain by a worm (9 damage)
             ... on level 2 of the Dungeon.
             The game lasted 00:00:44 (1259 turns).

kae the Skirmisher (Hill Orc Abyssal Knight)        Turns: 1259, Time: 00:00:45

Health: -1/27      AC:  4    Str: 14    XL:     2   Next: 95%
Magic:  4/4        EV: 11    Int: 12    God:    Lugonu [*.....]
Gold:   13         SH:  0    Dex: 10    Spells: 1/1 levels left

rFire    . . .     SeeInvis .   a - +1 hand axe
rCold    . . .     Gourm    .   (no shield)
rNeg     . . .     Faith    .   b - +0 leather armour
rPois    .         Spirit   .   h - +0 helmet
rElec    .         Reflect  .   (no cloak)
rCorr    .         Harm     .   (no gloves)
MR       .....                  (no boots)
Stlth    +.........             (no amulet)
HPRegen  0.09/turn              (no ring)
MPRegen  0.09/turn              (no ring)

@: lethally poisoned (-1 -> -12)
A: no striking features
a: Depart the Abyss, Renounce Religion


You were on level 2 of the Dungeon.
You worshipped Lugonu.
Lugonu was aware of your devotion.
You were not hungry.

You visited 1 branch of the dungeon, and saw 2 of its levels.
You visited the Abyss 1 time.

You collected 13 gold pieces.

Inventory:

Hand Weapons
 a - a +1 hand axe (weapon)
Armour
 b - a +0 leather armour (worn)
 h - a +0 helmet (worn)
Scrolls
 e - a scroll of fear {unknown}
 g - a scroll of teleportation {unknown}
Potions
 d - a potion of haste {unknown}
 f - a potion of brilliance {unknown}
 i - a potion of ambrosia {unknown}
Comestibles
 c - 5 rations


   Skills:
 + Level 3.9 Fighting
 * Level 3.4 Axes
 + Level 2.4 Armour
 + Level 1.1 Dodging
 + Level 2.7 Invocations


You had one spell level left.
You didn't know any spells.

Dungeon Overview and Level Annotations

Branches:
Dungeon (2/15)

Altars:
Ashenzari
Elyvilon
Fedhas
Makhleb


Message History

You are too injured to fight recklessly!
You are too injured to fight recklessly!
You are too injured to fight recklessly!
You are too injured to fight recklessly!
You are too injured to fight recklessly!
You are too injured to fight recklessly!
You hit the adder but do no damage.
The adder is moderately wounded.
You barely miss the worm.
The adder bites you but does no damage. x2
The worm bites you.
You hit the adder.
The adder is severely wounded.
You completely miss the worm.
You feel sick. The adder closely misses you.
You barely miss the adder.
The adder is severely wounded.
You hit the worm. The adder bites you.
* * * LOW HITPOINT WARNING * * *
You are lethally poisoned!
The adder poisons you! The worm bites you!
You die...

..........#.
........... ..........#
..........#
#.........###...#
................#
#..... ......wS..#
##..##......
#....@#####......._..8
#.##....#.....#......)
..##......#..#..##._..
......<.........#......
.#####.................
#..##............#.
#.#......#....#....
#.............###†<.
#..............# #...


You could see a worm and an adder.

Vanquished Creatures
  A worm (D:1)
  2 dart slugs (D:1)
  A goblin (D:1)
  A hobgoblin (D:1)
  A ball python (D:2)
  2 bats (D:1)
  A frilled lizard (D:1)
  3 kobolds
  8 rats
20 creatures vanquished.

Notes
Turn   | Place    | Note
-------+----------+-------------------------------------------
     0 | Abyss:1  | kae the Hill Orc Abyssal Knight began the quest for the Orb.
     0 | Abyss:1  | Reached XP level 1. HP: 19/19 MP: 2/2
    39 | Abyss:1  | Noticed a rakshasa
    42 | Abyss:1  | Noticed a thrashing horror
    49 | D:1      | Escaped the Abyss
   365 | D:1      | Reached skill level 1 in Dodging
   365 | D:1      | Reached XP level 2. HP: 25/27 MP: 3/3
   444 | D:1      | Reached * piety under Lugonu
   793 | D:2      | Found a blossoming altar of Fedhas.
   793 | D:2      | Found a burning altar of Makhleb.
   793 | D:2      | Found a shattered altar of Ashenzari.
  1233 | D:2      | Found a white marble altar of Elyvilon.
  1259 | D:2      | Slain by a worm

Skill      XL: |  1 |
---------------+----+-----
Axes           | 3 |  3.4
Dodging        | 1 |  1.1
Fighting       | |  3.9
Armour         | |  2.4
Invocations    | |  2.7

Action                   || total
-------------------------++-------
Melee: Hand axe          ||    56
Invok: Depart the Abyss  ||     1
  Eat: Chunk             ||     1
Armor: Leather armour    ||    25
Dodge: Dodged            ||    29
